 Dungeon Crawl Stone Soup version 0.30-a0-950-gbf40cfac39 (webtiles) character file.

Game seed: 12820049612395174759

583 Grim the Trooper (level 7, -1/76 HPs)
             Began as an Ogre Berserker on Mar 28, 2023.
             Was a Priest of Trog.
             Slain by Pikel
             ... wielding a +1 whip of freezing
              (6 damage)
             ... on level 5 of the Dungeon.
             The game lasted 00:06:37 (4046 turns).

Grim the Trooper (Ogre Berserker)                   Turns: 4046, Time: 00:06:37

Health: -1/76      AC:  7    Str: 24    XL:     7   Next: 37%
Magic:  7/7        EV: 10    Int:  8    God:    Trog [***...]
Gold:   171        SH:  0    Dex:  8    Spells: 6/6 levels left

rFire   . . .      SeeInvis .    a - +0 mace
rCold   . . .      Faith    .    (no shield)
rNeg    . . .      Spirit   .    b - +0 animal skin
rPois   .          Reflect  .    (helmet restricted)
rElec   .          Rampage  .    (no cloak)
rCorr   .                        (gloves unavailable)
Will    .....                    (boots unavailable)
Stlth   +                        (no amulet)
HPRegen 0.32/turn                o - +4 ring of protection
MPRegen 0.10/turn                (no ring)

@: on berserk cooldown, flying, slowed, very slow
A: large, unfitting armour, tough skin 1
a: Renounce Religion, Berserk, Trog's Hand


You were on level 5 of the Dungeon.
You worshipped Trog.
Trog was most pleased with you.
You visited 1 branch of the dungeon, and saw 5 of its levels.

You collected 171 gold pieces.

Inventory:

Hand Weapons
 a - a +0 mace (weapon)
Missiles
 t - 8 boomerangs (quivered)
 u - 2 javelins
 v - 5 poisoned darts
Armour
 b - a +0 animal skin (worn)
Jewellery
 h - a +6 ring of intelligence
 o - a +4 ring of protection (left hand)
Scrolls
 d - 4 scrolls of identify {unknown}
 f - a scroll of butterflies {unknown}
 i - 3 scrolls of fog {unknown}
 n - 2 scrolls of noise {unknown}
 p - 3 scrolls of teleportation {unknown}
 q - a scroll of amnesia {unknown}
 r - a scroll of enchant weapon {unknown}
Potions
 c - a potion of curing
 e - a potion of berserk rage
 g - a potion of heal wounds {unknown}
 j - a potion of ambrosia {unknown}
 k - a potion of invisibility {unknown}
 l - a potion of flight
 m - a potion of cancellation {unknown}
 s - a potion of lignification {unknown}


   Skills:
 + Level 6.4 Fighting
 * Level 5.6 Maces & Flails
 + Level 4.4 Dodging


You had 6 spell levels left.
You didn't know any spells.
Your spell library was empty.

Dungeon Overview and Level Annotations

Branches:
Dungeon (5/15)
 Temple: D:4-7

Altars:
Nemelex Xobeh
Okawaru

Shops:
D:1 ?   D:3 *

Annotations:
D:5 Pikel


Innate Abilities, Weirdness & Mutations

You are too large for most types of armour.
You have tough skin. (AC +1)


Message History

Pikel freezes you.
* * * LOW HITPOINT WARNING * * *
Pikel attacks as you move away!
Pikel hits you with a +1 whip of freezing.
* * * LOW HITPOINT WARNING * * *
Pikel freezes you.
* * * LOW HITPOINT WARNING * * *
The lemure barely misses you. The lemure hits you.
* * * LOW HITPOINT WARNING * * *
It was a potion of curing.
You feel better.
Your skin stops crawling.
You feel less strong-willed. The lemure barely misses you.
The lemure hits you but does no damage.
Pikel hits you with a +1 whip of freezing!
* * * LOW HITPOINT WARNING * * *
Pikel freezes you.
* * * LOW HITPOINT WARNING * * *
Okay, then.
It was a potion of flight.
You feel very buoyant.
You fly up into the air.
The lemure hits you.
* * * LOW HITPOINT WARNING * * *
The lemure hits you!
* * * LOW HITPOINT WARNING * * *
Pikel closely misses you.
Pikel hits you with a +1 whip of freezing.
* * * LOW HITPOINT WARNING * * *
Pikel freezes you.
* * * LOW HITPOINT WARNING * * *
The lemure closely misses you. The lemure completely misses you.
It was a potion of berserk rage.
You're still recovering from your berserk rage.
The lemure hits you.
* * * LOW HITPOINT WARNING * * *
Pikel closely misses you.
Unknown command.
You sock Pikel! Your punch misses Pikel.
Pikel is severely wounded.
The lemure closely misses you. The lemure hits you but does no damage.
Pikel hits you with a +1 whip of freezing.
You die...

#.## # #..# ## ##.## .##
#..### ..## ####....###
.. ...####.........####
...
...................###..#
.....##.........55.....#
..#####.........@K.....#
≈## ##....#####5....## )#
#....# ###...# ≈# #....#
...# .# #...... ..... .#
#...... #..... .# #.....
...## ##


You could see Pikel and 3 lemures.

Vanquished Creatures
  A phantom (D:4)
  A lemure (D:5)
  An orc priest (D:5)
  2 hounds
  A jelly (D:4)
  Jessica (D:3)
  6 iguanas
  A sleepcap (D:4)
  6 adders
  A white imp (D:4)
  3 dart slugs
  10 orcs
  7 endoplasms
  8 giant cockroaches
  13 goblins
  10 hobgoblins
  8 jackals
  5 quokkas
  8 ball pythons
  6 bats
  4 frilled lizards
  3 kobolds
  2 rats (D:1)
108 creatures vanquished.

Vanquished Creatures (others)
  A demonic plant (D:1)
1 creature vanquished.

Grand Total: 109 creatures vanquished

Notes
Turn   | Place    | Note
-------+----------+-------------------------------------------
     0 | D:1      | Grim the Ogre Berserker began the quest for the Orb.
     0 | D:1      | Reached XP level 1. HP: 24/24 MP: 1/1
    62 | D:1      | Reached XP level 2. HP: 32/32 MP: 2/2
    88 | D:1      | Found Aguriow's Magic Scroll Shop.
   270 | D:1      | Found a faded altar of an unknown god.
   614 | D:1      | Reached XP level 3. HP: 40/40 MP: 3/3
   736 | D:2      | Reached ** piety under Trog
  1082 | D:2      | Reached XP level 4. HP: 49/49 MP: 4/4
  1594 | D:3      | Noticed Jessica
  1604 | D:3      | Killed Jessica
  1605 | D:3      | Reached skill level 5 in Fighting
  1605 | D:3      | Reached XP level 5. HP: 46/57 MP: 5/5
  1743 | D:3      | Found Biaxuac's General Store.
  2167 | D:4      | Reached XP level 6. HP: 64/66 MP: 6/6
  2198 | D:4      | Reached *** piety under Trog
  2349 | D:4      | Reached skill level 5 in Maces & Flails
  2598 | D:4      | Reached skill level 6 in Fighting
  2760 | D:4      | Reached XP level 7. HP: 31/75 MP: 7/7
  3562 | D:4      | Found a sparkling altar of Nemelex Xobeh.
  3670 | D:5      | Entered Level 5 of the Dungeon
  3987 | D:5      | Found an iron altar of Okawaru.
  4018 | D:5      | Noticed Pikel
  4046 | D:5      | Slain by Pikel

Illustrated notes

Levels and vault maps discovered:
D:1:      wander_arrival_peaceful_grave, layout_rooms, serial_shops, shop,
          shapermc_ecumenical_altar_gd, minmay_hexomino_f4
D:2:      layout_rooms
D:3:      layout_loops_ring, serial_shops, shop, uniq_jessica
D:4:      layout_basic, nemelex_dance_club_becter, hex_large
D:5:      cheibrodos_quashed, layout_layer_cave, lemuel_round_altar,
          kennysheep_okawaru_gauntlet, uniq_ijyb, uniq_pikel,
          uniq_prince_ribbit1, uniq_blork_the_orc

Skill      XL: |  1  2  3  4  5  6 |
---------------+-------------------+-----
Maces & Flails | 3 4 5 |  5.6
Dodging        | 3 4 |  4.4
Fighting       | 5 6 |  6.4

Action                     |  1- 3 |  4- 6 |  7- 9 || total
---------------------------+-------+-------+-------++-------
  Melee: Mace              |   104 |   189 |    65 ||   358
         Punch             |       |     2 |       ||     2
  Throw: Boomerang         |       |       |    14 ||    14
 Invoke: Berserk           |     3 |     1 |     2 ||     6
         Trog's Hand       |       |       |     1 ||     1
    Use: Potion            |       |     1 |     3 ||     4
   Stab: Sleeping          |     1 |       |     1 ||     2
 Armour: Animal skin       |    43 |    91 |    22 ||   156
  Dodge: Dodged            |    66 |   107 |    42 ||   215

Table legend: (Time is in decaauts)
 A = Elapsed time spent in this place.
 B = Non-inter-level travel time spent in this place.
 C = Inter-level travel time spent in this place.
 D = Time resting spent in this place.
 E = Time spent auto-exploring this place.
 F = Levels seen in this place.
 G = Mean time per level.
                   A        B        C        D        E       F      G
               +--------+--------+--------+--------+--------+-----+--------+
         Total |   4159 |   3867 |    292 |    800 |   2331 |   5 |  831.8 |
       Dungeon |   4159 |   3867 |    292 |    800 |   2331 |   5 |  831.8 |
               +--------+--------+--------+--------+--------+-----+--------+

Top non-repeatable levels by time:
     D:4: 1524 daAuts
     D:1: 853 daAuts
     D:3: 838 daAuts
     D:2: 549 daAuts
     D:5: 392 daAuts
